 Dungeon Crawl Stone Soup version 0.32-a0-918-g0f22ef8d61 (webtiles) character file.

Game seed: 1523096051271282132

8743 Daunt the Spear-Bearer (level 11, 0/126 HPs)
             Began as a Coglin Fighter on Apr 11, 2024.
             Was an Initiate of Ashenzari.
             Slain by a yak (2 damage)
             ... led by a torpor snail
             ... on level 1 of the Lair of Beasts.
             The game lasted 00:45:07 (10134 turns).

Daunt the Spear-Bearer (Coglin Fighter)            Turns: 10134, Time: 00:45:08

Health: 0/126      AC: 25    Str: 21    XL:     11   Next: 35%
Magic:  11/11      EV:  2    Int:  8    God:    Ashenzari [......]
Gold:   524        SH:  0    Dex: 13    Spells: 10/10 levels left

rFire   . . .        a - +0 trident {Appius}
rCold   . . .        D - +0 spear (flame) {Tihomir}
rNeg    . . .        b - melded +0 scale mail "Share My Suspicion" {Fort, Range} (curse)
rPois   +            v - melded +1 helmet
rElec   .            G - melded +0 cloak
rCorr   .            (gloves currently unavailable)
SInv    .            (boots currently unavailable)
Will    .....        (amulet unavailable)
Stlth   +            (ring unavailable)
HPRegen 0.41/turn    (ring unavailable)
MPRegen 0.12/turn    (no gizmo)

%: no passive effects
@: lethally poisoned (0 -> -7), tree-form, hasted, revved, very quick
A: stationary, stasis, torment immunity, boosted hp, off-hand wielding, slow
wielding, warmup strikes, no jewellery
a: Invent Gizmo, Renounce Religion, Curse Item, Shatter the Chains


You were on level 1 of the Lair of Beasts.
You worshipped Ashenzari.
Ashenzari was noncommittal.
You were a tree.
You visited 2 branches of the dungeon, and saw 10 of its levels.

You collected 524 gold pieces.

Inventory:

Hand Weapons
 a - a +0 trident (weapon) {Appius}
 c - a +2 dagger of venom {Zorawar}
 k - a +0 spear {Iseul}
 D - a +0 spear of flaming (offhand) {Tihomir}
Missiles
 f - 124 stones (quivered)
 t - 2 boomerangs
 z - 16 poisoned darts
 H - a throwing net
Armour
 b - the cursed +0 scale mail "Share My Suspicion" (melded) {Fort, Range}

   It has a curse which improves the following skills: Fortitude: Armour and
   Shields.
   Ranged Combat: Ranged Weapons and Throwing.
 v - a +1 helmet (melded)
 y - a +0 ring mail of fire resistance
 B - a +0 troll leather armour
 E - a +0 plate armour
 F - a +0 chain mail
 G - a +0 cloak (melded)
Wands
 g - a wand of paralysis (12)
 n - a wand of mindburst (11)
Scrolls
 j - 2 scrolls of fog
 l - 2 scrolls of teleportation
 m - 2 scrolls of revelation
 o - 3 scrolls of immolation
 s - a scroll of poison
 u - 2 scrolls of amnesia
 w - a scroll of vulnerability
 C - a scroll of fear
 I - a scroll of enchant weapon
 J - a scroll of brand weapon {unknown}
Potions
 d - 5 potions of might
 e - 2 potions of lignification
 h - 3 potions of brilliance
 p - 2 potions of attraction
 q - 5 potions of mutation
 r - 3 potions of cancellation
 x - a potion of invisibility
 A - a potion of haste


   Skills:
 + Level 7.1 Fighting
 * Level 12.9 Polearms
 - Level 5.3 Armour
 - Level 3.4 Dodging
 - Level 2.1 Shields
 + Level 6.4 Evocations


You had 10 spell levels left.
You didn't know any spells.
Your spell library contained the following spells:

 Spells                   Type           Power      Damage    Failure   Level
 Freeze                   Ice            0%         1d3       41%         1
 Scorch                   Fire           0%         2d5       54%         2
 Frozen Ramparts          Ice            0%         1d1       78%         3
 Hailstorm                Conj/Ice       0%         3d5       78%         3
 Flame Wave               Conj/Fire      0%         2d4       99%         4
 Summon Cactus Giant      Summ           0%         N/A       100%        6
 Haunt                    Necr/Summ      0%         N/A       100%        7
 Borgnjor's Revivificati  Necr           0%         N/A       100%        8
 Death's Door             Necr           0%         N/A       100%        9


Dungeon Overview and Level Annotations

Branches:
Dungeon (9/15)             Temple (0/1) D:6            Lair (1/5) D:8
    Orc: D:9-12

Altars:
Ashenzari
Elyvilon
Kikubaaqudgha
Makhleb
Qazlal
Wu Jian
Xom
Yredelemnul
Zin
The Shining One

Annotations:
D:8 exclusion: centaur
D:9 Erolcha


Innate Abilities, Weirdness & Mutations

You are a tree.
Your roots penetrate the ground, keeping you stationary.
You cannot be teleported.
You are immune to unholy pain and torment.
Your maximum health is greatly increased.
Your equipment is partially melded.
You can wield a second weapon in your off-hand.
It takes a long time for you to wield or remove held weapons.
Your first few attacks do less damage.
You cannot equip rings or amulets.


Message History

The yak gores you but does no damage.
You puncture the yak with your +0 spear of flaming!
You burn the yak.
The yak is moderately wounded.
You puncture the yak with your +0 trident!
You feel sick.
The yak gores you but does no damage. x2
You hit the yak but do no damage.
The yak is heavily wounded.
You puncture the yak with your +0 spear of flaming!
You burn the yak.
You feel sick.
Reach: a) +0 trident {Appius}
Press: ? - help, Dir - move target, f - komodo dragon
Aim: a komodo dragon (about 28% to evade your +0 trident)
You reach to attack!
You puncture the komodo dragon with your +0 trident!
The komodo dragon is lightly wounded.
You hit the komodo dragon but do no damage.
You feel sick. The yak gores you!
* * * LOW HITPOINT WARNING * * *
Reach: a) +0 trident {Appius}
Press: ? - help, Dir - move target, f/p - komodo dragon
Aim: a komodo dragon (lightly wounded, about 28% to evade your +0 trident)
You reach to attack!
You hit the komodo dragon but do no damage.
The komodo dragon is lightly wounded.
You closely miss the komodo dragon with your +0 trident.
* * * LOW HITPOINT WARNING * * *
You feel sick. The yak gores you but does no damage.
You puncture the komodo dragon with your +0 trident!
The komodo dragon is heavily wounded.
You completely miss the komodo dragon with your +0 spear of flaming.
* * * LOW HITPOINT WARNING * * *
You feel sick. The yak barely misses you.
You hit the komodo dragon with your +0 spear of flaming.
You burn the komodo dragon.
The komodo dragon is heavily wounded.
You closely miss the komodo dragon with your +0 trident.
* * * LOW HITPOINT WARNING * * *
You feel sick. The yak gores you.
You die...

.......### .# .........# ##.
.........# #.# .........##
##.# ..........# #..#
.........## ##>## .........#
########..##
........##########..........#
..........†....l♣YY......#.##
..^....##)#####.#Y########..#
.......#### ##### ##.###
......## ##..# .....## #..# #
....## ##.### ...# #######.#.
#.# ##..#.##..# #......##..


You could see a komodo dragon and 3 yaks.

Vanquished Creatures
  2 cane toads (Lair:1)
  A rime drake (Lair:1)
  A troll (D:7)
  Grinder (D:3)
  3 shadows
  13 yaks
  2 wyverns
  2 steam dragons
  Edmund (D:5)
  Duvessa (D:4)
  5 water moccasins
  An orc warrior (D:8)
  A black bear (D:5)
  A sky beast (D:6)
  2 ice beasts
  3 ogres
  2 centaurs
  A phantom (D:4)
  7 bullfrogs
  A kobold brigand (D:7)
  2 gnoll sergeants
  5 scorpions
  A burial acolyte (D:6)
  4 wights (D:8)
  Dowan (D:4)
  14 killer bees
  2 howler monkeys
  The ghost of dogverified the Conjurer, a weakling TeCj (D:3)
  A jelly (D:6)
  A gnoll bouda (D:9)
  5 orc priests
  7 hounds
  A scorpion zombie (D:3)
  3 sleepcaps
  4 iguanas
  3 orc wizards
  A hound zombie (D:6)
  A howler monkey zombie (D:3)
  Robin (D:4)
  8 gnolls
  3 adders
  4 shadow imps
  2 ufetubi (D:6)
  2 adder zombies (D:6)
  4 dart slugs
  2 ribbon worms (D:2)
  19 orcs
  5 ball pythons
  3 endoplasms
  4 giant cockroaches
  2 gnoll zombies (D:6)
  9 goblins
  7 hobgoblins
  4 jackals (D:3)
  2 quokkas
  2 bats (D:1)
  2 frilled lizards
  12 kobolds
  2 kobold zombies (D:6)
  5 rats
212 creatures vanquished.

Notes
Turn   | Place    | Note
-------+----------+-------------------------------------------
     0 | D:1      | Daunt the Coglin Fighter began the quest for the Orb.
     0 | D:1      | Reached XP level 1. HP: 18/18 MP: 1/1
    95 | D:1      | Reached skill level 2 in Polearms
   190 | D:1      | Reached XP level 2. HP: 24/24 MP: 2/2
   561 | D:1      | Reached skill level 3 in Polearms
   561 | D:1      | Reached XP level 3. HP: 25/29 MP: 3/3
  1333 | D:2      | Reached XP level 4. HP: 35/35 MP: 4/4
  1362 | D:2      | Reached skill level 4 in Polearms
  1528 | D:3      | Found a broken altar of Ashenzari.
  1531 | D:3      | Found a stormy altar of Qazlal.
  1533 | D:3      | Found a burning altar of Makhleb.
  1535 | D:3      | Found a shimmering altar of Xom.
  1537 | D:3      | Became a worshipper of Ashenzari the Shackled
  1654 | D:3      | Found a runed translucent gate.
  1654 | D:3      | Found a runed translucent gate.
  1654 | D:3      | Found a runed translucent gate.
  1654 | D:3      | Noticed dogverified's ghost (weakling TeCj)
  1656 | D:3      | Found a basalt altar of Yredelemnul.
  1656 | D:3      | Noticed Grinder
  2101 | D:3      | Found a glowing silver altar of Zin.
  2101 | D:3      | Found a glowing golden altar of the Shining One.
  2101 | D:3      | Found a white marble altar of Elyvilon.
  2426 | D:4      | Noticed a scorpion
  2428 | D:4      | Noticed a scorpion
  2461 | D:4      | Noticed Dowan
  2463 | D:4      | Noticed Duvessa
  2467 | D:3      | Reached XP level 5. HP: 40/41 MP: 5/5
  2478 | D:4      | Killed Dowan
  2479 | D:4      | Reached skill level 5 in Polearms
  2521 | D:3      | Paralysed by Grinder for 4 turns
  2531 | D:3      | Killed Grinder
  2532 | D:3      | Reached skill level 6 in Polearms
  2532 | D:3      | Reached XP level 6. HP: 18/47 MP: 6/6
  2744 | D:4      | Noticed Robin
  2882 | D:3      | Reached XP level 7. HP: 50/52 MP: 7/7
  3243 | D:4      | Killed Duvessa
  3244 | D:4      | Reached skill level 7 in Polearms
  3269 | D:4      | Identified the cursed +0 hat of Panopticon {Cun, Fort} (You
                  | found it on level 1 of the Dungeon)
  3326 | D:4      | Killed Robin
  3452 | D:4      | Reached skill level 1 in Evocations
  3635 | D:5      | Entered Level 5 of the Dungeon
  3660 | D:4      | Reached XP level 8. HP: 22/58 MP: 8/8
  3814 | D:5      | Reached skill level 8 in Polearms
  4069 | D:5      | Reached skill level 9 in Polearms
  4069 | D:5      | Reached * piety under Ashenzari
  4069 | D:5      | Reached ** piety under Ashenzari
  4151 | D:5      | Noticed a yak
  4223 | D:5      | Noticed a yak
  4226 | D:5      | Noticed a yak
  4285 | D:5      | Noticed Edmund
  4526 | D:6      | Reached skill level 10 in Polearms
  4536 | D:6      | Reached XP level 9. HP: 39/64 MP: 9/9
  4948 | D:6      | Found an ancient bone altar of Kikubaaqudgha.
  5100 | D:6      | Found a staircase to the Ecumenical Temple.
  5452 | D:5      | Reached skill level 1 in Dodging
  5457 | D:5      | Reached skill level 11 in Polearms
  5631 | D:5      | Reached skill level 5 in Evocations
  5770 | D:5      | Killed Edmund
  6043 | D:7      | Reached XP level 10. HP: 57/73 MP: 10/10
  6128 | D:7      | Reached skill level 5 in Fighting
  6222 | D:3      | Killed dogverified's ghost
  8473 | D:8      | Reached skill level 12 in Polearms
  8709 | D:8      | Found a staircase to the Lair.
  8741 | D:8      | Found an ornate altar of the Wu Jian Council.
  8748 | D:8      | Reached XP level 11. HP: 81/83 MP: 11/11
  8962 | D:8      | Reached skill level 5 in Armour
  9546 | D:9      | Identified the orb "Ofiutite" {*Rage, *Slow rPois rF+}
  9783 | D:9      | Noticed Erolcha
  9783 | D:9      | Noticed a centaur warrior
  9791 | D:9      | Noticed a two-headed ogre
  9875 | Lair:1   | Entered Level 1 of the Lair of Beasts
 10131 | Lair:1   | HP: 5/126 [yak[a torpor snail] (9)]
 10134 | Lair:1   | HP: 2/126 [poisoned by a cane toad]
 10134 | Lair:1   | Slain by a yak

Illustrated notes

Levels and vault maps discovered:
D:1:      giann_horns, layout_basic, minmay_misc_feat_plants, minmay_cut_off
D:2:      layout_basic
D:3:      layout_loops_corners, good_gods_mini_temple,
          nicolae_yredelemnul_ghost_church, grunt_temple_overflow_open,
          uniq_grinder
D:4:      layout_cave_pools, uniq_robin, uniq_duvessa
D:5:      layout_rooms, minmay_circle_x, uniq_edmund
D:6:      layout_rooms, regret_index_kikubaaqudgha_part_by_part,
          temple_doors_cd, feat_on_display
D:7:      layout_basic, serial_library_hellmonk_room_b
D:8:      layout_rooms, mainiacjoe_overflow_cross_hatched,
          minmay_lair_entry_grove, centaur_isle
D:9:      kennysheep_blocky_room, layout_long_grid, st_stairs_9, uniq_erolcha
Lair:1:   layout_cave_pods

Skill      XL: |  1  2  3  4  5  6  7  8  9 10 11 |
---------------+----------------------------------+-----
Polearms       | 2 3 4 6 7 10 11 12 | 12.9
Evocations     | 2 3 5 6 |  6.4
Fighting       | 4 6 7 |  7.1
Dodging        | 2 3 |  3.4
Armour         | 3 4 5 |  5.3
Shields        | |  2.1

Action                     |  1- 3 |  4- 6 |  7- 9 | 10-12 || total
---------------------------+-------+-------+-------+-------++-------
  Melee: Trident           |    53 |    87 |   296 |   368 ||   804
         Dagger            |    27 |    66 |    39 |       ||   132
         Spear             |       |       |   224 |   374 ||   598
  Throw: Stone             |     1 |     6 |     2 |     2 ||    11
 Invoke: Curse Item        |       |       |     2 |       ||     2
         Shatter the Chain |       |       |     1 |       ||     1
  Evoke: Wand              |       |       |       |     3 ||     3
    Use: Scroll            |       |     4 |     2 |     5 ||    11
         Potion            |       |       |     2 |     2 ||     4
 Armour: Scale mail        |    35 |    55 |   135 |   194 ||   419
         Skin              |       |       |    10 |     8 ||    18
  Dodge: Dodged            |    13 |    28 |    53 |   102 ||   196
  Block: Buckler           |     1 |       |       |       ||     1

Table legend: (Time is in decaauts)
 A = Elapsed time spent in this place.
 B = Non-inter-level travel time spent in this place.
 C = Inter-level travel time spent in this place.
 D = Time resting spent in this place.
 E = Time spent auto-exploring this place.
 F = Levels seen in this place.
 G = Mean time per level.
                   A        B        C        D        E       F      G
               +--------+--------+--------+--------+--------+-----+--------+
         Total |   9935 |   8898 |   1037 |   1588 |   4711 |  10 |  993.5 |
       Dungeon |   9689 |   8652 |   1037 |   1588 |   4675 |   9 | 1076.6 |
          Lair |    245 |    245 |      0 |      0 |     36 |   1 |  245.0 |
               +--------+--------+--------+--------+--------+-----+--------+

Top non-repeatable levels by time:
     D:7: 1905 daAuts
     D:3: 1453 daAuts
     D:8: 1086 daAuts
     D:4: 1034 daAuts
     D:5: 1023 daAuts
     D:6: 1001 daAuts
     D:2: 836 daAuts
     D:1: 744 daAuts
     D:9: 604 daAuts
  Lair:1: 245 daAuts
